 Dungeon Crawl Stone Soup version 0.28.0-49-g6dfe1f597d (webtiles) character file.

Game seed: 5489951248360395039

85554 Kaptain the Earth Mage (level 15, 0/90 HPs)
             Began as a Gargoyle Earth Elementalist on May 12, 2022.
             Slain by a merfolk
             ... wielding a +0 trident
              (15 damage)
             ... on level 1 of the Shoals.
             The game lasted 01:11:18 (38716 turns).

Kaptain the Earth Mage (GrEE)                      Turns: 38716, Time: 01:11:19

Health: 0/90       AC: 36    Str: 18    XL:     15   Next: 84%
Magic:  1/39       EV:  8    Int: 23    God:
Gold:   1570       SH:  7    Dex: 10    Spells: 28/37 levels left

rFire   . . .      SeeInvis +   I - +4 scimitar (flame)
rCold   + . .      Faith    .   y - +2 buckler
rNeg    + + +      Spirit   .   w - +3 chain mail {rC+}
rPois   ∞          Reflect  .   B - +0 helmet
rElec   +          Harm     .   M - +2 cloak
rCorr   .          Rampage  .   X - +1 pair of gloves {Str+3}
Will    +....                   E - +2 pair of boots
Stlth   ..........              (no amulet)
HPRegen 0.25/turn               Y - ring of Xom's Flight of Fancy {Wiz rElec rN++ Int+3 SInv}
MPRegen 0.26/turn               a - ring of magical power

@: flying
A: sickness immunity, AC +11, big wings, negative energy resistance 1,
electricity resistance, torment resistance 1, petrification resistance, claws 1,
frail 1, sense surroundings 1
a: no special abilities


You were on level 1 of the Shoals.
You visited 5 branches of the dungeon, and saw 22 of its levels.
You also visited: Gauntlet and Ice Cave.

You collected 1974 gold pieces.
You spent 404 gold pieces at shops.

Inventory:

Hand Weapons
 s - a +0 scimitar of protection
 t - a +2 demon trident of freezing
 I - a +4 scimitar of flaming (weapon)
Missiles
 c - 283 stones (quivered)
 L - 2 throwing nets
Armour
 w - a +3 chain mail of cold resistance (worn)
 y - a +2 buckler (worn)
 B - a +0 helmet (worn)
 E - a +2 pair of boots (worn)
 M - a +2 cloak (worn)
 W - +0 ice dragon scales
 X - a +1 pair of gloves of strength (worn)
Magical Staves
 b - a staff of conjuration
 l - a staff of fire
 R - a staff of cold
 S - a staff of earth
Jewellery
 a - a ring of magical power (right hand)
 d - a ring of positive energy
 f - a ring of wizardry
 k - a ring of positive energy
 q - a ring of protection from cold
 r - a ring of fire
 v - a +4 ring of protection
 z - a ring of protection from cold
 Y - the ring of Xom's Flight of Fancy (left hand) {Wiz rElec rN++ Int+3 SInv}
   (You found it in a Gauntlet)

   [ring of wizardry]

   It improves your spell success rate.
   Int:       It affects your intelligence (+3).
   rElec:     It insulates you from electricity.
   rN:        It greatly protects you from negative energy.
   SInv:      It lets you see invisible.
Wands
 h - a wand of paralysis (5)
 m - a wand of charming (6)
 o - a wand of digging (19)
 F - a wand of iceblast (27)
 T - a wand of mindburst (6)
 V - a wand of polymorph (5)
Scrolls
 p - a scroll of holy word
 A - 2 scrolls of blinking
 C - 2 scrolls of amnesia
 K - 2 scrolls of fog
 N - 4 scrolls of enchant weapon
 P - 2 scrolls of teleportation
 U - a scroll of acquirement
 Z - a scroll of brand weapon
Potions
 e - 3 potions of cancellation
 g - 6 potions of curing
 i - 3 potions of brilliance
 j - 5 potions of lignification
 n - a potion of heal wounds
 u - a potion of might
 x - a potion of haste
 D - 2 potions of ambrosia
 H - a potion of invisibility
 J - 4 potions of berserk rage
Miscellaneous
 G - a tin of tremorstones (2/2)
 Q - a tin of tremorstones (2/2)


   Skills:
 * Level 13.8 Fighting
 + Level 9.8 Armour
 - Level 4.4 Dodging
 + Level 5.1 Stealth
 + Level 6.6 Shields
 * Level 11.9 Spellcasting
 * Level 13.7 Conjurations
 - Level 0.7 Transmutations
 * Level 15.4 Earth Magic


You had 28 spell levels left.
You knew the following spells:

 Your Spells              Type           Power      Damage    Failure   Level
a - Sandblast             Erth           100%       2d20      1%          1
b - Stone Arrow           Conj/Erth      100%       3d13      1%          3
c - Lee's Rapid Deconstr  Erth           35%        3d19*     1%          5

Your spell library contained the following spells:

 Spells                   Type           Power      Damage    Failure   Level
 Passwall                 Tmut/Erth      41%        N/A       1%          2
 Petrify                  Tmut/Erth      50%        N/A       8%          4
 Fulminant Prism          Conj/Hex       22%        3d13      12%         4
 Iskenderun's Mystic Bla  Conj/Tloc      45%        2d10      12%         4
 Sting                    Tmut/Pois      60%        1d6       17%         1
 Apportation              Tloc           26%        N/A       21%         1
 Summon Small Mammal      Summ           52%        N/A       21%         1
 Wereblood                Tmut           17%        N/A       22%         2
 Ensorcelled Hibernation  Hex/Ice        26%        N/A       30%         2
 Poisonous Vapours        Pois/Air       26%        N/A       30%         2
 Spider Form              Tmut/Pois      15%        N/A       45%         3
 Call Canine Familiar     Summ           13%        N/A       50%         3
 Frozen Ramparts          Ice            26%        1d4       50%         3
 Summon Guardian Golem    Hex/Summ       13%        N/A       50%         3
 Tukima's Dance           Hex            13%        N/A       50%         3
 Ice Form                 Ice/Tmut       15%        N/A       83%         4
 Anguish                  Hex/Necr       6%         N/A       87%         4
 Cause Fear               Hex            6%         N/A       87%         4
 Olgreb's Toxic Radiance  Pois           13%        N/A       87%         4
 Passage of Golubria      Tloc           13%        N/A       87%         4
 Summon Ice Beast         Ice/Summ       13%        N/A       87%         4
 Alistair's Intoxication  Tmut/Pois      10%        N/A       99%         5
 Yara's Violent Unravell  Hex/Tmut       7%         3d5       99%         5
 Dragon Form              Tmut           8%         N/A       100%        7
 Enfeeble                 Hex            6%         N/A       100%        7
 Summon Hydra             Summ           6%         N/A       100%        7
 Dragon's Call            Summ           6%         N/A       100%        9
 Sublimation of Blood     Necr           Unusable   N/A       N/A         2

Dungeon Overview and Level Annotations

Branches:
Dungeon (12/15)            Temple (1/1) D:4            Lair (6/6) D:8
 Shoals (1/4) Lair:2       Spider (0/4) Lair:2        Slime (0/5) Lair:6
    Orc (2/2) D:10            Elf (0/3) Orc:2         IceCv (visited)
Gauntlet (visited)

Altars:
Ashenzari
Cheibriados
Dithmenos
Elyvilon
Fedhas
Gozag
Hepliaklqana
Kikubaaqudgha
Makhleb
Nemelex Xobeh
Okawaru
Qazlal
Ru
Sif Muna
Trog
Uskayaw
Vehumet
Wu Jian
Xom
Yredelemnul
Zin
The Shining One
Beogh

Shops:
D:3 *   D:7 (   Orc:2 ?=[(   Shoals:1 [[

Annotations:
D:10 3 transporters
Lair:6 3 runed translucent doors, mistmaker's ghost, journeyman MiBe


Innate Abilities, Weirdness & Mutations

You are immune to sickness and miasma.
Your stone body is resilient. (AC +11)
You are immune to poison.
Your large and strong wings let you fly.
You resist negative energy. (rN+)
You are resistant to electric shocks. (rElec)
You are resistant to unholy torment.
You are immune to petrification.
You have sharp fingernails.
You are frail. (-10% HP)
You passively map a small area around you.


Message History

You hear a splash. x3
c - 283 stones Unknown command.
You start resting.
A merfolk comes into view.
It is wielding a +0 trident and quivering boomerangs of dispersal.
A merfolk is nearby!
Found an escape hatch in the floor.
Unknown command.
The merfolk throws a boomerang of dispersal.
The boomerang of dispersal hits you but does no damage.
The merfolk throws a boomerang of dispersal.
The boomerang of dispersal hits you!
* * * LOW HITPOINT WARNING * * *
You blink.
You feel better.
The merfolk throws a boomerang of dispersal.
The boomerang of dispersal hits you but does no damage.
You feel better.
The merfolk throws a boomerang of dispersal.
The boomerang of dispersal hits you.
* * * LOW HITPOINT WARNING * * *
You blink.
Casting: Sandblast (safe; 1% risk of failure)
Confirm with . or Enter, or press ? or * to list all spells.
Aiming: Stone Arrow (safe; 1% risk of failure)
Press: ? - help, Shift-Dir - straight line, f - merfolk
Aim: a merfolk, wielding a +0 trident and quivering boomerangs of dispersal (water, 72% to hit)
The stone arrow hits the merfolk!!
The merfolk is moderately wounded.
Unknown command.
Casting: Stone Arrow (safe; 1% risk of failure)
Confirm with . or Enter, or press ? or * to list all spells.
You don't have enough magic to cast this spell.
Unknown command.
The merfolk drinks a potion.
The merfolk goes berserk!
You barely miss the merfolk.
The merfolk is moderately wounded.
The merfolk hits you with a +0 trident!
You die...

P.PPP...≈≈≈≈≈≈≈≈≈≈≈≈≈≈#
...P≈≈≈≈≈≈)≈≈≈≈≈≈≈≈≈≈≈#
≈P≈≈≈≈≈P≈≈≈≈≈≈≈≈≈≈≈≈≈≈#
P≈≈≈≈≈≈≈≈≈≈≈≈≈≈≈≈≈≈≈≈≈#
P≈≈≈≈≈≈≈≈≈≈≈≈≈≈≈≈≈≈≈≈≈#
P.≈≈≈≈≈≈≈≈≈≈≈≈≈≈≈≈≈≈≈≈#
≈.≈≈≈≈≈≈≈≈≈≈≈≈≈≈≈≈≈≈≈≈#
≈≈≈≈≈≈≈≈≈))≈≈≈≈≈≈≈≈≈≈≈#
≈.≈≈≈≈≈≈≈≈≈≈≈≈≈m@≈≈≈≈≈#
..≈≈≈≈≈≈≈≈≈≈≈≈≈≈≈≈≈≈≈≈#
≈≈≈≈≈≈≈≈≈≈≈≈≈≈≈≈≈≈≈≈≈≈#
≈≈≈≈≈≈≈≈.≈≈≈≈≈≈≈≈≈≈≈≈≈#
≈≈≈≈≈≈≈≈>≈≈≈≈≈≈≈≈≈≈≈≈≈#
≈≈≈≈≈≈≈≈≈≈≈≈≈≈≈≈≈≈≈≈≈≈#
...≈≈ ≈≈≈≈≈≈≈≈≈≈≈≈≈≈≈≈#
≈≈.≈≈ ..≈≈≈≈≈≈≈≈≈≈≈≈≈#
≈≈≈≈. ≈≈≈≈≈≈≈≈≈≈#


You could see a merfolk (berserk).

Vanquished Creatures
  Nikola (Shoals:1)
  Gastronok (Lair:1)
  A tengu reaver (D:12)
  2 orc warlords (D:10)
  A reaper (IceCv)
  A crystal guardian (D:12)
  A minotaur (Gauntlet)
  A merfolk impaler (Shoals:1)
  An ettin (D:12)
  A fire dragon (D:12)
  Fannar (Lair:1)
  Harold (D:8)
  9 hydras
  3 centaur warriors
  A boulder beetle (D:11)
  6 two-headed ogres
  3 catoblepae
  Erica (D:8)
  A deep troll earth mage (D:12)
  An orc high priest (Orc:2)
  Nergalle (Lair:1)
  Sonja (Lair:1)
  5 skeletal warriors (D:12)
  A deep elf archer (Orc:2)
  11 orc knights
  A necromancer (Gauntlet)
  2 orc sorcerers (Orc:2)
  2 oklob plants
  A cyclops (D:12)
  2 manticores
  10 elephants
  2 ugly things (D:12)
  A faun (Shoals:1)
  A merfolk siren (Shoals:1)
  5 black mambas
  A water nymph (Shoals:1)
  2 ice statues (IceCv)
  Joseph (D:8)
  10 cane toads
  8 rime drakes
  A gargoyle (Gauntlet)
  A kobold demonologist (D:8)
  7 ice devils (IceCv)
  13 komodo dragons
  An entropy weaver simulacrum (IceCv)
  A polar bear (D:8)
  8 trolls
  2 hornets
  3 wind drakes
  A dream sheep (Lair:6)
  5 blink frogs
  4 slime creatures (D:12)
  A jumping spider (Lair:2)
  A dire elephant simulacrum (IceCv)
  A water elemental (D:12)
  3 wraiths
  A shadow (D:12)
  6 basilisks
  6 wyverns
  A neqoxec (Gauntlet)
  43 yaks
  2 chaos spawn (Gauntlet)
  2 steam dragons
  4 wargs
  Duvessa (D:6)
  9 water moccasins
  59 orc warriors
  2 black bears
  A large abomination (Gauntlet)
  3 necrophages
  3 sky beasts (D:5)
  5 ogres
  12 wolves
  11 centaurs (Orc:2)
  2 kobold brigands (D:9)
  A phantom (D:5)
  Blork the orc (D:5)
  13 bullfrogs
  A gnoll sergeant (D:10)
  3 scorpions
  3 two-headed ogre simulacra (IceCv)
  4 cane toad simulacra (IceCv)
  3 small abominations (Gauntlet)
  Dowan (D:6)
  An elephant simulacrum (IceCv)
  6 electric eels
  4 wights (D:9)
  7 howler monkeys
  A jelly (D:5)
  6 centaur zombies
  17 orc priests
  A bullfrog zombie (D:3)
  A gnoll shaman (D:5)
  2 hounds (D:7)
  2 bullfrog skeletons
  A centaur skeleton (D:5)
  3 iguanas
  5 spriggan simulacra (IceCv)
  15 orc wizards
  6 hell rats (Lair:5)
  A wolf simulacrum (IceCv)
  2 troll simulacra (IceCv)
  A hound skeleton (D:5)
  A howler monkey skeleton (D:4)
  A howler monkey zombie (D:9)
  10 gnolls
  A naga simulacrum (IceCv)
  4 adders
  3 white imps (IceCv)
  2 ufetubi
  An adder skeleton (D:4)
  2 worms
  6 dart slugs
  72 orcs
  7 endoplasms
  3 giant cockroaches
  7 goblins
  7 hobgoblins
  2 jackals (D:4)
  A quokka (D:1)
  3 ball pythons
  6 bats
  2 frilled lizards
  16 kobolds
  4 rats
605 creatures vanquished.

Vanquished Creatures (others)
  A faun (Shoals:1)
  An orc priest (Orc:2)
  3 orc wizards
  An orc (Orc:2)
  5 bushes (Lair:4)
  14 demonic plants (Gauntlet)
  28 fungi
  59 plants
112 creatures vanquished.

Grand Total: 717 creatures vanquished

Notes
Turn   | Place    | Note
-------+----------+-------------------------------------------
     0 | D:1      | Kaptain the Gargoyle Earth Elementalist began the quest for
                  | the Orb.
     0 | D:1      | Reached XP level 1. HP: 10/10 MP: 3/3
   450 | D:1      | Reached XP level 2. HP: 16/16 MP: 1/5
   620 | D:1      | Reached skill level 1 in Fighting
   729 | D:1      | Found a faded altar of an unknown god.
   767 | D:1      | Reached skill level 4 in Earth Magic
   821 | D:1      | Reached XP level 3. HP: 20/20 MP: 6/6
   825 | D:1      | Learned a level 3 spell: Stone Arrow
  1187 | D:2      | Reached skill level 1 in Conjurations
  1878 | D:2      | Reached XP level 4. HP: 26/26 MP: 7/7
  2102 | D:3      | Found a shadowy altar of Dithmenos.
  2133 | D:3      | Found a hazy altar of Hepliaklqana.
  2500 | D:3      | Reached skill level 1 in Armour
  2528 | D:3      | You fall into a shaft and drop 1 floor!
  2571 | D:3      | Found Unosi's General Store.
  2579 | D:3      | Reached XP level 5. HP: 30/30 MP: 0/8
  2705 | D:3      | Found a snail-covered altar of Cheibriados.
  2933 | D:4      | Noticed an ogre
  2944 | D:4      | Killed an ogre
  2945 | D:4      | Reached XP level 6. HP: 36/36 MP: 0/10
  3215 | D:4      | Found a staircase to the Ecumenical Temple.
  3310 | D:4      | Reached skill level 5 in Earth Magic
  3470 | Temple   | Entered the Ecumenical Temple
  3777 | D:4      | Found a bloodstained altar of Trog.
  3816 | D:4      | Found a shimmering blue altar of Sif Muna.
  4083 | D:5      | Entered Level 5 of the Dungeon
  4239 | D:5      | Reached XP level 7. HP: 41/41 MP: 7/12
  4452 | D:5      | Found a sparkling altar of Nemelex Xobeh.
  4455 | D:5      | Found a sacrificial altar of Ru.
  4465 | D:5      | Found an ornate altar of the Wu Jian Council.
  4468 | D:5      | Found a basalt altar of Yredelemnul.
  5013 | D:5      | Reached skill level 6 in Earth Magic
  5115 | D:5      | Reached XP level 8. HP: 36/48 MP: 9/13
  5447 | D:5      | Found a white marble altar of Elyvilon.
  5450 | D:5      | Found a glowing golden altar of the Shining One.
  5579 | D:5      | Reached skill level 1 in Shields
  5697 | D:5      | Noticed Blork the orc
  5700 | D:5      | Killed Blork the orc
  5960 | D:5      | Found a glowing silver altar of Zin.
  6037 | D:6      | Noticed Duvessa
  6037 | D:6      | Noticed Dowan
  6044 | D:6      | Killed Duvessa
  6045 | D:6      | Reached skill level 5 in Fighting
  6056 | D:6      | Killed Dowan
  6057 | D:6      | Reached skill level 5 in Conjurations
  6576 | D:6      | Reached skill level 7 in Earth Magic
  6576 | D:6      | Reached XP level 9. HP: 54/54 MP: 9/16
  6825 | D:6      | Reached skill level 5 in Spellcasting
  7412 | D:7      | Found Juont's Weapon Shop.
  8220 | D:8      | Noticed a troll
  8220 | D:8      | Noticed Joseph
  8225 | D:8      | Killed Joseph
  8229 | D:8      | Noticed a tengu warrior
  8229 | D:8      | Noticed a red ugly thing
  8230 | D:8      | Noticed a boulder beetle
  8231 | D:8      | Noticed a manticore
  8231 | D:8      | Noticed a catoblepas
  8233 | D:8      | Noticed a centaur warrior
  8233 | D:8      | Noticed a manticore
  8241 | D:8      | Noticed a manticore
  8336 | D:8      | Noticed Erica
  8342 | D:8      | Killed Erica
  8343 | D:8      | Reached skill level 8 in Earth Magic
  8343 | D:8      | Reached XP level 10. HP: 53/61 MP: 5/18
  8447 | D:8      | Noticed a centaur warrior
  8452 | D:8      | Killed a centaur warrior
  8869 | D:8      | Noticed a two-headed ogre
  8876 | D:8      | Killed a two-headed ogre
  8981 | D:8      | Found a staircase to the Lair.
  9196 | D:8      | Noticed a kobold demonologist
  9202 | D:8      | Killed a kobold demonologist
  9203 | D:8      | Reached skill level 5 in Armour
  9203 | D:8      | Reached skill level 5 in Stealth
  9203 | D:8      | Reached skill level 9 in Earth Magic
  9770 | D:8      | Noticed Harold
  9778 | D:8      | Killed Harold
  9908 | D:8      | Reached XP level 11. HP: 68/68 MP: 14/21
 11273 | D:9      | Noticed a two-headed ogre
 11279 | D:9      | Killed a two-headed ogre
 11280 | D:9      | Reached skill level 10 in Earth Magic
 12014 | Lair:1   | Entered Level 1 of the Lair of Beasts
 12025 | Lair:1   | Reached skill level 5 in Shields
 12235 | Lair:1   | Noticed Nergalle
 12417 | Lair:1   | Killed Nergalle
 12693 | Lair:1   | Noticed an eight-headed hydra
 13013 | Lair:1   | Killed an eight-headed hydra
 13182 | Lair:1   | Noticed a four-headed hydra
 13189 | Lair:1   | Killed a four-headed hydra
 13190 | Lair:1   | Reached XP level 12. HP: 76/76 MP: 10/23
 13736 | Lair:1   | Noticed Sonja
 13741 | Lair:1   | Killed Sonja
 13742 | Lair:1   | Reached skill level 11 in Earth Magic
 13749 | Lair:1   | Noticed Gastronok
 13930 | Lair:1   | Killed Gastronok
 14345 | Lair:1   | Noticed Fannar
 14354 | Lair:1   | Killed Fannar
 14964 | Lair:2   | Reached skill level 10 in Fighting
 15122 | Lair:2   | Noticed a seven-headed hydra
 15126 | Lair:2   | Killed a seven-headed hydra
 15127 | Lair:2   | Reached skill level 10 in Conjurations
 15612 | Lair:2   | Found a staircase to the Shoals.
 15929 | Lair:2   | Found a hole to the Spider Nest.
 16003 | Lair:3   | Noticed a five-headed hydra
 16007 | Lair:3   | Killed a five-headed hydra
 16070 | Lair:3   | Noticed an eight-headed hydra
 16079 | Lair:3   | Killed an eight-headed hydra
 16080 | Lair:3   | Reached skill level 12 in Earth Magic
 16416 | Lair:3   | Reached XP level 13. HP: 83/83 MP: 5/26
 16874 | Lair:3   | You fall into a shaft and drop 3 floors!
 16874 | Lair:6   | Entered Level 6 of the Lair of Beasts
 16879 | Lair:6   | Noticed mistmaker's ghost (journeyman MiBe)
 16884 | Lair:6   | Found a runed translucent gate.
 16884 | Lair:6   | Found a runed translucent gate.
 16884 | Lair:6   | Found a runed translucent gate.
 19667 | Lair:5   | Identified a scroll of acquirement
 19734 | Lair:5   | Reached skill level 13 in Earth Magic
 20384 | Lair:5   | Reached skill level 10 in Spellcasting
 21823 | Lair:5   | Gained mutation: Your large and strong wings let you fly.
                  | [Gargoyle growth]
 21823 | Lair:5   | Reached XP level 14. HP: 80/91 MP: 21/28
 22580 | D:10     | Entered Level 10 of the Dungeon
 22661 | D:10     | Found a staircase to the Orcish Mines.
 22898 | D:10     | Found a blossoming altar of Fedhas.
 23419 | D:10     | Found a transporter.
 23423 | D:10     | Found a transporter.
 23855 | D:10     | Found a transporter.
 23857 | D:10     | Found a transporter.
 23956 | D:10     | Found a transporter.
 23957 | D:10     | Found a transporter.
 24067 | Orc:1    | Entered Level 1 of the Orcish Mines
 24803 | D:10     | HP: 4/92 [orc knight/+2 great sword of holy wrath (4)]
 25261 | Orc:1    | Reached skill level 14 in Earth Magic
 25774 | Orc:1    | Noticed an orc warlord
 26835 | Orc:2    | Entered Level 2 of the Orcish Mines
 26835 | Orc:2    | Found a staircase to the Elven Halls.
 28941 | Orc:2    | Paralysed by an orc sorcerer for 6 turns
 31326 | Orc:2    | Noticed an orc warlord
 31595 | D:11     | Found a frozen archway.
 31601 | IceCv    | Entered an ice cave
 32372 | IceCv    | Reached XP level 15. HP: 93/98 MP: 24/30
 34587 | D:12     | Found a gate leading to a gauntlet.
 34596 | Gauntlet | Entered a Gauntlet
 34596 | Gauntlet | Found a transporter.
 34596 | Gauntlet | Found a transporter.
 34605 | Gauntlet | Found a transporter.
 34615 | Gauntlet | Found a transporter.
 34630 | Gauntlet | Found a transporter.
 34644 | Gauntlet | Found a transporter.
 34655 | Gauntlet | Found a transporter.
 34657 | Gauntlet | Found a large runed translucent door.
 34658 | Gauntlet | Found a large runed translucent door.
 34659 | Gauntlet | Found a large runed translucent door.
 34659 | Gauntlet | Found a large runed translucent door.
 34660 | Gauntlet | Found a runed translucent gate.
 34661 | Gauntlet | Found a transporter.
 34661 | Gauntlet | Found a runed translucent gate.
 34662 | Gauntlet | Found a runed translucent gate.
 34663 | Gauntlet | Found a large runed translucent door.
 34663 | Gauntlet | Found a large runed translucent door.
 34664 | Gauntlet | Found a large runed translucent door.
 34665 | Gauntlet | Found a large runed translucent door.
 34675 | Gauntlet | Found a transporter.
 34694 | Gauntlet | Found a transporter.
 34696 | Gauntlet | Found a transporter.
 34732 | Gauntlet | Found a large runed translucent door.
 34733 | Gauntlet | Found a large runed translucent door.
 34734 | Gauntlet | Found a transporter.
 34734 | Gauntlet | Found a large runed translucent door.
 34734 | Gauntlet | Found a large runed translucent door.
 34734 | Gauntlet | Found a runed translucent door.
 34735 | Gauntlet | Found a runed translucent door.
 34736 | Gauntlet | Found a large runed translucent door.
 34736 | Gauntlet | Found a large runed translucent door.
 34737 | Gauntlet | Found a large runed translucent door.
 34738 | Gauntlet | Found a large runed translucent door.
 34830 | Gauntlet | Gained mutation: You sometimes lose the ability to read
                  | scrolls when taking damage. [a neqoxec]
 34969 | Gauntlet | Lost mutation: You sometimes lose the ability to read
                  | scrolls when taking damage. [potion of mutation]
 34969 | Gauntlet | Gained mutation: You are frail. (-10% HP) [potion of
                  | mutation]
 34969 | Gauntlet | Gained mutation: You passively map a small area around you.
                  | [potion of mutation]
 34969 | Gauntlet | Gained mutation: You have sharp fingernails. [potion of
                  | mutation]
 35462 | Gauntlet | Identified the ring of Xom's Flight of Fancy {Wiz rElec
                  | rN++ Int+3 SInv}
 36213 | D:12     | Learned a level 5 spell: Lee's Rapid Deconstruction
 36222 | D:12     | Reached skill level 15 in Earth Magic
 36223 | D:12     | Noticed a tengu reaver
 36225 | D:12     | Killed a tengu reaver
 36492 | D:12     | Identified the +10 plate armour "Tiaraifa" {-Cast Rampage
                  | rElec rN++}
 37497 | D:10     | Killed an orc warlord
 37499 | D:10     | Killed an orc warlord
 37857 | Orc:2    | Found Winepsow's Antique Armour Shoppe.
 37857 | Orc:2    | Found Kiamubbi's Jewellery Shop.
 37857 | Orc:2    | Found Ixelas's Magic Scroll Boutique.
 37860 | Orc:2    | Found Miwy's Antique Weapon Emporium.
 37870 | Orc:2    | Bought a scroll of torment for 97 gold pieces
 37947 | Orc:2    | Bought a scroll of blinking for 97 gold pieces
 38094 | Shoals:1 | Entered Level 1 of the Shoals
 38094 | Shoals:1 | Found Nougrar's Armour Shoppe.
 38294 | Shoals:1 | Found Zeofev's Antique Armour Emporium.
 38303 | Shoals:1 | Bought a pair of embroidered gloves for 210 gold pieces
 38395 | Shoals:1 | Found Houru's Merfolk Armours.
 38667 | Shoals:1 | Noticed Nikola
 38700 | Shoals:1 | Killed Nikola
 38707 | Shoals:1 | HP: 3/90 [merfolk/boomerang of dispersal (13)]
 38716 | Shoals:1 | Slain by a merfolk

Illustrated notes

Levels and vault maps discovered:
D:1:      evilmike_arrival_hilbert_curve, layout_basic,
          dreamdust_ecumenical_altar_statues
D:2:      layout_loops_ring, minmay_misc_feat_plants
D:3:      layout_basic, mainiacjoe_overflow_24_doors,
          nicolae_dithmenos_shadow_blocks, mainiacjoe_overflow_six_doors_small,
          serial_shops, shop, serial_park_tiny_2
D:4:      layout_rooms, bloody_trog, kennysheep_orc_sif_temple, temple_pool_b
D:5:      layout_loops_ring, good_gods_temple_1,
          grunt_temple_overflow_cloverleaf, uniq_blork_the_orc
D:6:      layout_loops_cross, nicolae_figureground_pulse, uniq_duvessa
D:7:      layout_gridville, serial_shops, nicolae_shop_statue_plus
D:8:      layout_basic, erik_lair_orcish_takeover, minivault_12, uniq_harold,
          uniq_erica, uniq_joseph
D:9:      layout_long_grid, kennysheep_generic_room_6
D:10:     layout_layer_cave, mainiacjoe_overflow_small_starburst, david_orc_2,
          serial_nicolae_subway, nicolae_sub_station_stone,
          nicolae_sub_station_metal, nicolae_sub_station_crystal
D:11:     layout_stronghold, portal_ice_cave_entry_pillars_1
D:12:     cross_vault, layout_irregular_city, gauntlet_entry_generic
Temple:   nicolae_temple_figure_zero
Lair:1:   layout_cave_shapes, fungi_pond_lemuel, grunt_megastairs_4,
          infiniplex_staircase_pool_2, uniq_gastronok, uniq_sonja,
          uniq_nergalle, uniq_fannar
Lair:2:   layout_gridlike, minmay_shoals_entry_beasts, spider_nest_entry_rubble,
          special_room [special_room_bee], chequers_serial_rivers_micro_b
Lair:3:   layout_regular_city
Lair:4:   layout_layer_cave, minmay_hedge_maze, nicolae_quartered_pool_little
Lair:5:   layout_cellular_growth, special_room [special_room_mythical_zoo]
Lair:6:   gammafunk_lair_ancient_temple, layout_gridlike, slime_altar_1,
          gammafunk_ghost_split
Shoals:1: nicolae_shoals_mermall, layout_shoals, serial_shops,
          nicolae_diamond_shop, shop_statue, shop, uniq_nikola
Orc:1:    layout_caves, special_room [special_room_orc], basic_altar
Orc:2:    st_orc_rangers, layout_diamond_mine, elf_legates

Skill      XL: |  1  2  3  4  5  6  7  8  9 10 11 12 13 14 15 |
---------------+----------------------------------------------+-----
Fighting       | 1 2 3 4 5 6 7 9 10 11 13 | 13.8
Earth Magic    | 4 5 6 7 8 9 10 12 13 14 15 | 15.4
Conjurations   | 1 2 3 4 5 6 7 9 10 11 12 13 | 13.7
Armour         | 1 2 3 4 5 6 7 8 9 |  9.8
Dodging        | 2 3 4 |  4.4
Spellcasting   | 3 4 5 6 7 9 10 11 | 11.9
Shields        | 1 3 4 5 6 |  6.6
Stealth        | 3 4 5 |  5.1
Transmutations | |  0.7

Action                   |  1- 3 |  4- 6 |  7- 9 | 10-12 | 13-15 || total
-------------------------+-------+-------+-------+-------+-------++-------
Melee: Dagger            |       |     1 |    24 |       |       ||    25
       Staff             |       |       |    21 |    13 |       ||    34
       Hunting sling     |       |       |     1 |       |       ||     1
       Punch             |       |       |     1 |     1 |       ||     2
       Scimitar          |       |       |       |    23 |   102 ||   125
 Fire: Hunting sling     |    56 |    48 |     3 |       |       ||   107
 Cast: Sandblast         |    33 |    50 |    44 |    75 |    46 ||   248
       Stone Arrow       |       |     3 |    82 |   222 |   857 ||  1164
       Lee's Rapid Decon |       |       |       |       |    37 ||    37
Evoke: Wand              |       |       |       |     8 |       ||     8
  Use: Scroll            |     3 |     8 |     3 |     5 |    17 ||    36
       Potion            |       |       |       |       |    14 ||    14
Armor: Robe              |     1 |     5 |       |    47 |   245 ||   298
       Leather armour    |       |     2 |    27 |     2 |       ||    31
       Chain mail        |       |       |       |       |   204 ||   204
Dodge: Dodged            |    19 |    20 |    48 |   124 |   387 ||   598
Block: Buckler           |       |       |       |       |   109 ||   109
